 Dungeon Crawl Stone Soup version 0.19.5 (webtiles) character file.

244 Shoikan the Cudgeler (level 5, -10/48 HPs)
             Began as a Minotaur Berserker on Mar 15, 2017.
             Was a Priest of Trog.
             Mangled by Duvessa
             ... wielding a +0 short sword
              (12 damage)
             ... on level 4 of the Dungeon.
             The game lasted 00:12:25 (3038 turns).

Shoikan the Cudgeler (Minotaur Berserker)           Turns: 3038, Time: 00:12:27

Health: -10/48     AC:  7    Str: 22    XL:     5   Next: 83%
Magic:  4/4        EV: 12    Int:  4    God:    Trog [***...]
Gold:   130        SH:  0    Dex: 10    Spells: 0 memorised, 4 levels left

rFire  . . .     SeeInvis .     q - +0 flail
rCold  . . .     Gourm    .     g - +0 ring mail
rNeg   . . .     Faith    .     (no shield)
rPois  .         Spirit   .     (helmet restricted)
rElec  .         Reflect  .     (no cloak)
rCorr  .         Harm     .     (no gloves)
MR     ++...                    d - +0 pair of boots
Stlth  ..........               (no amulet)
                                (no ring)
                                (no ring)

@: regenerating, drained
A: retaliatory headbutt, horns 2
a: Berserk, Trog's Hand, Burn Spellbooks, Renounce Religion


You were on level 4 of the Dungeon.
You worshipped Trog.
Trog was most pleased with you.
You were hungry.

You visited 1 branch of the dungeon, and saw 4 of its levels.

You collected 130 gold pieces.

Inventory:

Hand Weapons
 q - a +0 flail (weapon)
Armour
 d - a +0 pair of boots (worn)
 g - a +0 ring mail (worn)
Scrolls
 a - 2 scrolls of blinking {unknown}
 b - a scroll of magic mapping {unknown}
 f - a scroll of recharging
 k - 2 scrolls of random uselessness {unknown}
 n - 2 scrolls of remove curse
 o - 2 scrolls of identify {unknown}
 p - a scroll of teleportation {unknown}
Potions
 e - 3 potions of curing {unknown}
 j - a potion of cure mutation {unknown}
 l - a potion of agility {unknown}
 r - a potion of heal wounds {unknown}
Comestibles
 c - 3 bread rations
 h - 5 fruits
 i - 2 meat rations
 m - a chunk of flesh


   Skills:
 + Level 5.0 Fighting
 + Level 5.9 Maces & Flails
 + Level 3.8 Armour
 + Level 3.0 Dodging


You had 4 spell levels left.
You didn't know any spells.

Dungeon Overview and Level Annotations

Branches:
Dungeon (4/15)
 Temple: D:4-7

Altars:
Makhleb

Annotations:
D:4 Duvessa


Innate Abilities, Weirdness & Mutations

You reflexively headbutt those who attack you in melee.
You have a pair of horns on your head.


Message History

Duvessa hits you with a short sword! The frilled lizard closely misses you.
You furiously retaliate!
You headbutt the frilled lizard.
You kill the frilled lizard!
Trog accepts your kill. Duvessa closely misses you.
You hit Duvessa but do no damage.
Duvessa is lightly wounded.
Duvessa hits you with a short sword!
* * * LOW HITPOINT WARNING * * *
Duvessa hits you with a short sword.
* * * LOW HITPOINT WARNING * * *
You hit Duvessa. You headbutt Duvessa, but do no damage.
Duvessa is moderately wounded.
Duvessa closely misses you.
You closely miss Duvessa.
Duvessa is moderately wounded.
Duvessa hits you with a short sword!
* * * LOW HITPOINT WARNING * * *
Duvessa hits you with a short sword!
You die...

#.# #.#
#.###.###.#
#.........#
#####.##### #+##
#......# #...##
#..###.# ##.....##
#...##.###.......#
#....#.##.........
#.......'.@....>..
#....#.##.)e......
#...##.###....?..#
#......# ##.....##
#...##### #...##
#.## #+## #. #


You could see Duvessa (berserk).

Vanquished Creatures
  Dowan (D:4)
  3 gnolls (D:3)
  4 adders
  2 oozes
  6 worms
  3 dart slugs (D:1)
  2 leopard geckos
  4 orcs (D:3)
  A ball python (D:2)
  A giant cockroach (D:3)
  10 goblins
  8 hobgoblins
  14 jackals
  8 kobolds
  A quokka (D:2)
  7 bats
  7 frilled lizards
  13 rats
  2 plants (D:1)
97 creatures vanquished.

Notes
Turn   | Place    | Note
-------+----------+-------------------------------------------
     0 | D:1      | Shoikan the Minotaur Berserker began the quest for the Orb.
     0 | D:1      | Reached XP level 1. HP: 19/19 MP: 0/0
   150 | D:1      | Reached XP level 2. HP: 20/27 MP: 1/1
   538 | D:1      | Reached XP level 3. HP: 17/33 MP: 2/2
   844 | D:1      | Reached ** piety under Trog
  1320 | D:2      | Reached XP level 4. HP: 35/41 MP: 3/3
  1329 | D:2      | Found a burning altar of Makhleb.
  1329 | D:2      | Noticed a blizzard demon
  1496 | D:2      | Reached skill level 5 in Maces & Flails
  1947 | D:2      | Noticed a neqoxec
  1947 | D:2      | Noticed a hellwing
  2284 | D:3      | Reached *** piety under Trog
  2310 | D:3      | Reached XP level 5. HP: 45/47 MP: 4/4
  2719 | D:3      | Reached skill level 5 in Fighting
  3026 | D:4      | Noticed Duvessa
  3026 | D:4      | Noticed Dowan
  3033 | D:4      | Killed Dowan
  3038 | D:4      | HP: 2/48 [Duvessa/short sword (10)]
  3038 | D:4      | Mangled by Duvessa

Skill      XL: |  1  2  3  4  5 |
---------------+----------------+-----
Fighting       | 4 5 |  5.0
Maces & Flails | 4 5 |  5.9
Armour         | 3 |  3.8
Dodging        | 3 |  3.0

Action                   |  1- 3 |  4- 6 || total
-------------------------+-------+-------++-------
Melee: Mace              |   130 |    77 ||   207
       Headbutt          |    31 |    22 ||    53
       Flail             |       |    42 ||    42
Invok: Trog's Hand       |       |     1 ||     1
  Use: Scroll            |       |     2 ||     2
  Eat: Chunk             |     1 |     6 ||     7
Armor: Animal skin       |     2 |       ||     2
       Ring mail         |    27 |    46 ||    73
Dodge: Dodged            |    45 |    67 ||   112
